 Dungeon Crawl Stone Soup version 0.25.1-2-g60ff931df9 (webtiles) character file.

Game seed: 246861406129837120

75541 MrRokkomies the Nimble (level 15, 0/117 HPs)
             Began as a Vampire Chaos Knight on Aug 5, 2020.
             Was a High Priest of Jiyva.
             Succumbed to an orc high priest's poison
             ... while paralysed
             ... on level 2 of the Orcish Mines.
             The game lasted 00:56:33 (97695 turns).

MrRokkomies the Nimble (Vampire Chaos Knight)      Turns: 97695, Time: 00:56:33

Health: 0/117      AC: 20    Str: 14    XL:     15   Next: 10%
Magic:  15/15      EV:  2    Int: 22    God:    Jiyva [*****.]
Gold:   2942       SH:  0    Dex: 19    Spells: 9/14 levels left

rFire    + + .     SeeInvis +   b - +3 scimitar (flame)
rCold    + . .     Gourm    .   (no shield)
rNeg     . . .     Faith    .   L - +1 ring mail {rF+}
rPois    +         Spirit   .   R - +2 hat {Int+3}
rElec    +         Reflect  .   Y - +2 cloak
rCorr    +         Harm     +   t - +2 pair of gloves of Mamize {Harm rPois rC+ Int+2}
MR       +....                  (no boots)
Stlth    +++++.....             y - amulet of the acrobat
HPRegen  0.49/turn              U - ring of protection from fire
MPRegen  0.14/turn              n - +4 ring of evasion

@: paralysed, lethally poisoned (0 -> -5), berserk cooldown, acrobat,
regenerating quickly, slowed, lightly drained
A: no food, antennae 1, fangs 3, molten scales 2, thin metallic scales 1, see
invisible, blink, clever 2, sense surroundings 1, shaggy fur 1, electricity
resistance, unbreathing, evolution 1, MP-powered wands
a: Exsanguinate, Blink, Request Jelly, Slimify, Cure Bad Mutation, Renounce
Religion


You were on level 2 of the Orcish Mines.
You worshipped Jiyva.
Jiyva was extremely pleased with you.
You were alive.

You visited 5 branches of the dungeon, and saw 26 of its levels.

You collected 2942 gold pieces.

Inventory:

Hand Weapons
 a - a +0 demon whip of draining
 b - a +3 scimitar of flaming (weapon)
Missiles
 h - 63 poisoned darts (quivered)
 S - 6 curare-tipped darts
Armour
 t - the +2 pair of gloves of Mamize (worn) {Harm rPois rC+ Int+2}
   (Xom gifted it to you on level 1 of the Dungeon)

   It affects your intelligence (+2).
   It protects you from cold.
   It protects you from poison.
   It increases damage dealt and taken.
 L - a +1 ring mail of fire resistance (worn)
 R - a +2 hat of intelligence (worn)
 Y - a +2 cloak (worn)
Jewellery
 n - a +4 ring of evasion (right hand)
 y - an amulet of the acrobat (around neck)
 B - an uncursed ring of resist corrosion
 T - an uncursed ring of poison resistance
 U - a ring of protection from fire (left hand)
 W - an uncursed ring of protection from magic
Wands
 l - a wand of digging (13)
 s - a wand of paralysis (38)
 v - a wand of iceblast (18)
 w - a wand of disintegration (39)
 C - a wand of acid (7)
 H - a wand of polymorph (3)
 I - a wand of flame (17)
 Q - a wand of random effects (15)
Scrolls
 e - 4 scrolls of remove curse
 f - 5 scrolls of teleportation
 g - 4 scrolls of magic mapping
 r - 2 scrolls of enchant armour
 E - 4 scrolls of enchant weapon
 F - 2 scrolls of amnesia
 G - 2 scrolls of fog
 P - a scroll of fear
 V - 2 scrolls of identify
 X - 2 scrolls of blinking
Potions
 c - a potion of haste
 d - 12 potions of curing
 i - a potion of cancellation
 k - 4 potions of lignification
 p - 2 potions of might
 q - 3 potions of flight
 u - 3 potions of stabbing
 z - 7 potions of brilliance
 K - 5 potions of mutation
 N - 3 potions of ambrosia
Miscellaneous
 j - a lightning rod (4/4)
 D - a phantom mirror


   Skills:
 + Level 10.6(10.5) Fighting
 - Level 10.4(10.3) Long Blades
 * Level 10.5 Maces & Flails
 - Level 0.7(0.6) Armour
 - Level 12.4(12.3) Dodging
 - Level 12.1(12.0) Stealth
 * Level 12.1(12.0) Necromancy
 + Level 7.8(7.7) Earth Magic


You had 9 spell levels left.
You knew the following spells:

 Your Spells              Type           Power        Failure   Level  Hunger
a - Borgnjor's Vile Clut  Necr/Erth      #####.....   17%         5    N/A

Your spell library contained the following spells:

 Spells                   Type           Power        Failure   Level  Hunger
 Animate Skeleton         Necr           N/A          1%          1    N/A
 Pain                     Necr           ####         1%          1    N/A
 Vampiric Draining        Necr           ######....   1%          3    N/A
 Animate Dead             Necr           N/A          2%          4    N/A
 Corpse Rot               Necr/Air       N/A          4%          2    N/A
 Agony                    Necr           ######..     7%          5    N/A
 Stone Arrow              Conj/Erth      ###...       22%         3    N/A
 Apportation              Tloc           #.....       34%         1    N/A
 Beastly Appendage        Tmut           #.....       34%         1    N/A
 Corona                   Hex            #......      34%         1    N/A
 Infusion                 Chrm           #...         34%         1    N/A
 Shock                    Conj/Air       #...         34%         1    N/A
 Summon Small Mammal      Summ           #...         34%         1    N/A
 Death Channel            Necr           ######....   36%         6    N/A
 Shroud of Golubria       Chrm/Tloc      #.....       45%         2    N/A
 Song of Slaying          Chrm           #.......     45%         2    N/A
 Sticks to Snakes         Tmut           #.......     45%         2    N/A
 Swiftness                Chrm/Air       #.......     45%         2    N/A
 Ozocubu's Armour         Chrm/Ice       #.......     71%         3    N/A
 Recall                   Summ/Tloc      N/A          71%         3    N/A
 Spectral Weapon          Hex/Chrm       #.......     71%         3    N/A
 Spider Form              Tmut/Pois      #.........   71%         3    N/A
 Static Discharge         Conj/Air       #.......     71%         3    N/A
 Bolt of Magma            Conj/Fire/Erth ##........   97%         5    N/A
 Airstrike                Air            #.........   98%         4    N/A
 Ice Form                 Ice/Tmut       #.......     98%         4    N/A
 Summon Lightning Spire   Summ/Air       #.......     98%         4    N/A
 Simulacrum               Ice/Necr       ####......   99%         6    N/A
 Blade Hands              Tmut           #.........   100%        5    N/A
 Iskenderun's Battlesphe  Conj/Chrm      #.......     100%        5    N/A
 Lightning Bolt           Conj/Air       #.........   100%        5    N/A
 Silence                  Hex/Air        #.........   100%        5    N/A
 Summon Forest            Summ/Tloc      #.........   100%        5    N/A
 Conjure Ball Lightning   Conj/Air       #.........   100%        6    N/A
 Eringya's Noxious Bog    Tmut/Pois      #.........   100%        6    N/A
 Hydra Form               Tmut           #.........   100%        6    N/A
 Iron Shot                Conj/Erth      ###.......   100%        6    N/A
 Orb of Destruction       Conj           #.........   100%        7    N/A
 Spellforged Servitor     Conj/Summ      #.........   100%        7    N/A
 Summon Hydra             Summ           #.........   100%        7    N/A
 Ignition                 Fire           #.........   100%        8    N/A
 Shatter                  Erth           ####......   100%        9    N/A
 Tornado                  Air            #.........   100%        9    N/A

Dungeon Overview and Level Annotations

Branches:
Dungeon (12/15)            Temple (1/1) D:7            Lair (6/6) D:11
  Swamp (0/4) Lair:4        Snake (0/4) Lair:3        Slime (5/5) Lair:6
    Orc (2/2) D:12            Elf (0/3) Orc:2

Altars:
Ashenzari
Cheibriados
Dithmenos
Elyvilon
Fedhas
Gozag
Hepliaklqana
Kikubaaqudgha
Makhleb
Nemelex Xobeh
Okawaru
Qazlal
Ru
Sif Muna
Trog
Uskayaw
Vehumet
Wu Jian
Xom
Yredelemnul
Zin
The Shining One
Jiyva

Shops:
D:5 %   D:9 %   Orc:2 %%

Annotations:
D:9 3 runed translucent doors, H0rd4k's ghost, novice OpTm
D:11 2 transporters, Xye's ghost, journeyman DEIE
Lair:1 2 transporters, Bets's ghost, novice DsGl
Lair:2 Rupert
Slime:5 Dissolution; Royal Jelly


Innate Abilities, Weirdness & Mutations

You do not eat.
Your natural rate of healing is unusually fast.
You have razor-sharp teeth.
You have supernaturally acute eyesight. (SInv)
You can survive without breathing.
You have a pair of small antennae on your head.
You are mostly covered in molten scales. (AC +3)
You are partially covered in thin metallic scales. (AC +2)
You can translocate small distances at will.
Your mind is very acute. (Int +4)
You passively map a small area around you.
You are covered in fur. (AC +1)
You are resistant to electric shocks. (rElec)
You evolve.
You expend magic power (3 MP) to strengthen your wands.


Message History

The orc high priest is heavily wounded.
* * * LOW HITPOINT WARNING * * *
You feel sick.
The orc high priest completely misses you.
You riposte.
You slice the orc high priest!! You burn the orc high priest.
You kill the orc high priest!
The smoke demon disappears in a puff of smoke!
Unknown command.
You feel a strong urge to attack something.
* * * LOW HITPOINT WARNING * * *
You feel sick.
The orc sorcerer points at you and mumbles some strange words.
The bolt of negative energy misses you.
* * * LOW HITPOINT WARNING * * *
You feel sick.
You feel your anger nearly subside.
You are no longer berserk.
You pass out from exhaustion.
You feel yourself slow down.
You die...
Xom thinks this is hilarious!

#####..###.#.#.###....## ####
##..###...#...###....# ##.##
##..###...###...###...## #....
##..###...##.##...###...######...
#........##...##...###.....##....
....#...## #..##...###........#{
..#....## * #..##.#.###...##.#..
#.....##.,* #..))...###..#...#.
..#..##... ##@#.....###....#..
#.....##.§# ##.).....###........
..#....##§.###..##.#.####........
....#...##.6#.)##...###..........
#........##..(##o..###...........
##..###...##o##{..###............
##..###...###o4.###...#<..#.#.#.
##..###...#.3.###..............
##..###.#.#o###.#..........J..


You could see an orc sorcerer.

Vanquished Creatures
  5 hydras
  Erica (D:11)
  Erolcha (D:9)
  2 two-headed ogres
  A death knight (D:11)
  A queen ant (Lair:6)
  14 death yaks
  2 orc high priests (Orc:2)
  A soul eater (Orc:2)
  A sixfirhy (Orc:2)
  An unseen horror (D:9)
  2 gelid demonspawn (Orc:2)
  2 ugly things (D:12)
  4 orc knights (Orc:2)
  8 orc sorcerers (Orc:2)
  A cyclops (D:12)
  A rust devil (Orc:2)
  2 centaur zombies
  6 black mambas
  20 elephants
  3 orange demons (Orc:2)
  A gargoyle (D:12)
  19 spiny frogs
  3 komodo dragons
  2 rime drakes
  An ice devil (Orc:2)
  A red devil (Orc:2)
  A queen bee (Lair:3)
  A troll (D:12)
  7 polar bears (Lair:6)
  4 hornets (Lair:6)
  Prince Ribbit (D:5)
  8 blink frogs
  A dream sheep (Lair:6)
  7 hippogriffs
  A shadow (D:12)
  4 wyverns
  A redback (D:10)
  12 spriggans
  3 wraiths (D:10)
  A basilisk (Lair:3)
  48 yaks
  A steam dragon (Lair:6)
  An acid dragon (Lair:6)
  A warg (Orc:2)
  3 nagas (Lair:3)
  19 water moccasins
  9 porcupines
  4 ice beasts
  2 swamp drakes (Lair:6)
  29 orc warriors
  4 sky beasts
  A necrophage (D:10)
  2 black bears
  3 phantoms
  14 wolves
  5 boggarts (Lair:6)
  6 ogres
  8 centaurs
  7 crocodiles
  12 bullfrogs
  4 scorpions
  26 killer bees
  4 wights (D:9)
  7 electric eels
  5 howler monkeys
  7 crimson imps
  8 jellies
  A quasit (D:6)
  19 orc priests
  3 centaur skeletons
  7 hounds
  2 bullfrog skeletons
  Ijyb (D:3)
  Jessica (D:2)
  2 iguanas
  5 worker ants
  Terence (D:2)
  10 orc wizards
  A hound zombie (D:7)
  A worker ant zombie (D:9)
  3 gnolls (D:5)
  8 adders
  A howler monkey skeleton (D:10)
  A river rat (D:12)
  2 shadow imps
  6 oozes
  An adder skeleton (D:5)
  A dart slug (D:3)
  7 leopard geckos
  73 orcs
  3 bats
  A giant cockroach (D:3)
  8 goblins
  6 hobgoblins
  11 jackals
  7 kobolds
  4 quokkas
  A ball python (D:5)
  3 frilled lizards
  A quokka skeleton (D:9)
  7 rats
  A fungus (Lair:1)
608 creatures vanquished.

Vanquished Creatures (collateral kills)
  Josephine (D:10)
  An elephant (Lair:6)
  A wraith (D:10)
  A wolf (Lair:6)
4 creatures vanquished.

Vanquished Creatures (others)
  A death yak (Lair:6)
  An elephant (Lair:6)
  A yak (Lair:6)
  22 jellies
  2 orc priests (Orc:2)
  3 orc wizards
  4 gnolls (Orc:2)
  2 orcs
  A kobold (D:3)
  A ball python (D:3)
  25 fungi
  12 plants
75 creatures vanquished.

Grand Total: 687 creatures vanquished

Notes
Turn   | Place    | Note
-------+----------+-------------------------------------------
     0 | D:1      | MrRokkomies the Vampire Chaos Knight began the quest for
                  | the Orb.
     0 | D:1      | Reached XP level 1. HP: 17/17 MP: 1/1
    40 | D:1      | XOM: silly message
    50 | D:1      | You fall into a shaft and drop 1 floor!
    77 | D:2      | Noticed Terence
    90 | D:2      | XOM: potion effect (berserk rage)
    95 | D:2      | Killed Terence
    95 | D:2      | Reached skill level 1 in Stealth
    95 | D:2      | Reached XP level 2. HP: 23/23 MP: 2/2
   194 | D:2      | Reached XP level 3. HP: 28/28 MP: 3/3
   423 | D:1      | XOM: silly message
   552 | D:1      | XOM: cloud trail
   612 | D:1      | XOM: god gift: 37 gold pieces
   846 | D:1      | XOM: give mutation
   846 | D:1      | Gained mutation: You possess an exceptional clarity of
                  | mind. [Xom's grace]
   897 | D:1      | XOM: scenery: create altars
  1920 | D:1      | XOM: stat loss: -1 Int (14/15)
  2088 | D:1      | XOM: scenery: create altars
  2529 | D:1      | XOM: god gift: lightning rod (4/4)
  2588 | D:1      | XOM: scenery: create altars
  2824 | D:1      | XOM: give mutations
  2824 | D:1      | Gained mutation: You can translocate small distances at
                  | will. [Xom's grace]
  2824 | D:1      | Gained mutation: Your flesh is cold resistant. (rC+) [Xom's
                  | grace]
  2860 | D:1      | XOM: scenery: create altars
  3616 | D:1      | XOM is BORED!
  3616 | D:1      | XOM: summons 2 hostile demons
  3819 | D:2      | XOM: give mutation
  3819 | D:2      | Gained mutation: You are robust. (+10% HP) [Xom's grace]
  3956 | D:1      | XOM: give mutations
  3956 | D:1      | Gained mutation: Your movements are slightly less
                  | encumbered by armour. (ER -2) [Xom's grace]
  3956 | D:1      | Gained mutation: You are partially covered in iridescent
                  | scales. (AC +2) [Xom's grace]
  3956 | D:1      | Gained mutation: You are partially covered in thin metallic
                  | scales. (AC +2) [Xom's grace]
  4035 | D:1      | XOM: give mutations
  4035 | D:1      | Gained mutation: You are very robust. (+20% HP) [Xom's
                  | grace]
  4035 | D:1      | Gained mutation: You are agile. (Dex +2) [Xom's grace]
  4035 | D:1      | Gained mutation: You passively map a small area around you.
                  | [Xom's grace]
  4583 | D:1      | XOM: stat loss: -1 Dex (13/15)
  4598 | D:1      | XOM: give mutation
  4598 | D:1      | Gained mutation: You are dopey. (Int -2) [Xom's mischief]
  4992 | D:1      | XOM: give mutations
  4992 | D:1      | Lost mutation: You possess an exceptional clarity of mind.
                  | [Xom's mischief]
  4992 | D:1      | Lost mutation: You are partially covered in iridescent
                  | scales. (AC +2) [Xom's mischief]
  4992 | D:1      | Lost mutation: You passively map a small area around you.
                  | [Xom's mischief]
  4992 | D:1      | Lost mutation: Your flesh is cold resistant. (rC+) [Xom's
                  | mischief]
  5388 | D:1      | XOM: stat loss: -1 Str (10/11)
  6054 | D:1      | XOM: give mutations
  6054 | D:1      | Gained mutation: You are very agile. (Dex +4) [Xom's grace]
  6054 | D:1      | Gained mutation: Your system is resistant to poisons.
                  | (rPois) [Xom's grace]
  6799 | D:1      | XOM: divination: magic mapping
  7258 | D:1      | XOM: god gift: scroll labeled JEPTEE LA PEBB {god gift}
  7507 | D:1      | XOM: god gift: book of Air
  7515 | D:1      | XOM: stat loss: -1 Int (11/13)
  7678 | D:1      | XOM: god gift: wand of digging (5)
  8343 | D:1      | XOM is BORED!
  8343 | D:1      | XOM: noise
  8812 | D:1      | XOM: give mutation
  8812 | D:1      | Gained mutation: You have a pair of small horns on your
                  | head. [Xom's grace]
  9098 | D:1      | XOM: noise
  9195 | D:1      | XOM: noise
  9591 | D:1      | XOM is BORED!
  9692 | D:1      | XOM: give mutations
  9692 | D:1      | Lost mutation: You are very robust. (+20% HP) [Xom's
                  | mischief]
  9692 | D:1      | Gained mutation: You occasionally shout uncontrollably at
                  | your foes. [Xom's mischief]
  9692 | D:1      | Lost mutation: You are robust. (+10% HP) [Xom's mischief]
  9692 | D:1      | Gained mutation: You are frail. (-10% HP) [Xom's mischief]
 10628 | D:1      | XOM: summons 2 hostile demons
 11097 | D:1      | XOM: give mutations
 11097 | D:1      | Gained mutation: Your flesh is heat resistant. (rF+) [Xom's
                  | grace]
 11097 | D:1      | Lost mutation: You are frail. (-10% HP) [Xom's grace]
 11097 | D:1      | Gained mutation: You have large cloven feet. [Xom's grace]
 11400 | D:1      | XOM: give mutation
 11429 | D:1      | XOM: give mutation
 11429 | D:1      | Gained mutation: Your flesh is very heat resistant. (rF++)
                  | [Xom's grace]
 11915 | D:1      | XOM: cloud trail
 12021 | D:1      | XOM: silly message
 13935 | D:1      | XOM: god gift: embroidered hat {god gift}
 14456 | D:1      | XOM is BORED!
 14863 | D:1      | XOM: cloud trail
 14908 | D:1      | XOM: noise
 15219 | D:1      | XOM: give mutations
 15219 | D:1      | Gained mutation: Your muscles are strong. (Str +2) [Xom's
                  | grace]
 15219 | D:1      | Gained mutation: You have a pair of horns on your head.
                  | [Xom's grace]
 15933 | D:1      | XOM: scenery: create altars
 16057 | D:1      | XOM: scenery: create altars
 16405 | D:1      | XOM: 2-stop teleportation journey
 16425 | D:1      | XOM: give mutations
 16425 | D:1      | Lost mutation: You are very agile. (Dex +4) [Xom's
                  | mischief]
 16425 | D:1      | Lost mutation: You are dopey. (Int -2) [Xom's mischief]
 17110 | D:1      | XOM: give mutation
 17110 | D:1      | Lost mutation: Your muscles are strong. (Str +2) [Xom's
                  | mischief]
 17638 | D:1      | XOM: give mutation
 17638 | D:1      | Lost mutation: You are agile. (Dex +2) [Xom's mischief]
 17688 | D:1      | XOM: god gift: scroll labeled FOT JIETOLL {god gift}
 18141 | D:1      | XOM: silly message
 18260 | D:1      | XOM: cloud trail
 18283 | D:1      | XOM: silly message
 18401 | D:1      | XOM: noise
 18640 | D:1      | XOM: silly message
 19146 | D:1      | XOM: silly message
 19619 | D:1      | XOM: cloud trail
 19936 | D:1      | XOM: summons 1 hostile demon
 19944 | D:2      | XOM: noise
 20075 | D:1      | XOM: summons 1 hostile shadow creature
 20335 | D:1      | XOM is BORED!
 20335 | D:1      | XOM: summons 2 hostile demons
 20839 | D:1      | XOM: give mutations
 20839 | D:1      | Lost mutation: You have large cloven feet. [Xom's mischief]
 20839 | D:1      | Gained mutation: Armour fits poorly on your strangely
                  | shaped body. [Xom's mischief]
 20839 | D:1      | Gained mutation: You are frail. (-10% HP) [Xom's mischief]
 21436 | D:1      | XOM is BORED!
 21436 | D:1      | XOM: summons 2 hostile demons
 22359 | D:1      | XOM: god gift: 15 stones
 22503 | D:1      | XOM: silly message
 23139 | D:1      | XOM: summons 2 hostile demons
 23140 | D:1      | Noticed a soul eater
 23150 | D:2      | XOM: summons 2 hostile demons
 25251 | D:1      | XOM: noise
 25597 | D:1      | XOM: divination: detect items
 26106 | D:1      | XOM: give mutations
 26106 | D:1      | Lost mutation: Armour fits poorly on your strangely shaped
                  | body. [Xom's mischief]
 26106 | D:1      | Lost mutation: Your system is resistant to poisons. (rPois)
                  | [Xom's mischief]
 26271 | D:1      | XOM: summons 1 hostile demon
 26272 | D:1      | Noticed an orange demon
 26436 | D:2      | XOM: god gift: 7 rations
 26803 | D:1      | XOM: god gift: Fen Folio
 27726 | D:1      | XOM is BORED!
 28564 | D:1      | XOM: summons 2 hostile demons
 28565 | D:1      | Noticed a neqoxec
 28705 | D:2      | XOM: 6-stop teleportation journey
 28830 | D:2      | Noticed Jessica
 28842 | D:2      | Killed Jessica
 28842 | D:2      | Reached XP level 4. HP: 31/31 MP: 4/4
 29152 | D:1      | XOM: stat loss: -1 Dex (11/13)
 29351 | D:1      | XOM: noise
 29533 | D:1      | XOM: stat loss: -1 Int (15/18)
 30141 | D:1      | XOM: noise
 30250 | D:1      | XOM: give mutation
 30250 | D:1      | Gained mutation: You are surrounded by a mild repulsion
                  | field. (EV +2) [Xom's grace]
 30404 | D:1      | XOM: silly message
 30413 | D:1      | XOM: god gift: sharpened bronze wand {god gift}
 30613 | D:1      | XOM: give mutations
 30613 | D:1      | Lost mutation: Your flesh is very heat resistant. (rF++)
                  | [Xom's mischief]
 30613 | D:1      | Lost mutation: You can translocate small distances at will.
                  | [Xom's mischief]
 30613 | D:1      | Lost mutation: You have a pair of horns on your head.
                  | [Xom's mischief]
 30613 | D:1      | Lost mutation: Your flesh is heat resistant. (rF+) [Xom's
                  | mischief]
 30767 | D:1      | XOM: give mutation
 30767 | D:1      | Gained mutation: You are weak. (Str -2) [Xom's mischief]
 30845 | D:1      | XOM: silly message
 31171 | D:1      | XOM is BORED!
 31171 | D:1      | XOM: noise
 32046 | D:1      | XOM: silly message
 32556 | D:1      | XOM: silly message
 32848 | D:1      | XOM: silly message
 33053 | D:1      | XOM: divination: detect creatures
 33071 | D:1      | XOM is BORED!
 33071 | D:1      | XOM: summons 3 hostile demons
 33314 | D:1      | XOM: give mutations
 33314 | D:1      | Gained mutation: Your body sometimes deteriorates upon
                  | taking damage. [Xom's mischief]
 33314 | D:1      | Gained mutation: Armour fits poorly on your strangely
                  | shaped body. [Xom's mischief]
 33792 | D:1      | XOM: give mutations
 33792 | D:1      | Gained mutation: You have large cloven feet. [Xom's
                  | mischief]
 33792 | D:1      | Lost mutation: Your body sometimes deteriorates upon taking
                  | damage. [Xom's mischief]
 33792 | D:1      | Lost mutation: You occasionally shout uncontrollably at
                  | your foes. [Xom's mischief]
 36131 | D:1      | XOM: give mutations
 36131 | D:1      | Lost mutation: You are surrounded by a mild repulsion
                  | field. (EV +2) [Xom's mischief]
 36163 | D:1      | XOM: summons 3 hostile demons
 36198 | D:2      | XOM: 8-stop teleportation journey
 36670 | D:1      | XOM is BORED!
 38981 | D:1      | XOM: draining
 39096 | D:1      | XOM: give mutations
 39096 | D:1      | Lost mutation: Your movements are slightly less encumbered
                  | by armour. (ER -2) [Xom's mischief]
 39523 | D:1      | XOM: scenery: create altars
 39667 | D:1      | XOM: give mutations
 39667 | D:1      | Gained mutation: You are partially covered in molten
                  | scales. (AC +2) [Xom's grace]
 39667 | D:1      | Gained mutation: You can translocate small distances at
                  | will. [Xom's grace]
 39667 | D:1      | Lost mutation: You are weak. (Str -2) [Xom's grace]
 39874 | D:1      | XOM: scenery: create altars
 40054 | D:1      | XOM: god gift: 16 stones
 40126 | D:1      | XOM is BORED!
 40207 | D:1      | XOM: cloud trail
 40304 | D:1      | XOM: god gift: scroll labeled GUCSEANNUL {god gift}
 40433 | D:1      | XOM: give mutations
 40433 | D:1      | Gained mutation: You are agile. (Dex +2) [Xom's grace]
 40433 | D:1      | Gained mutation: You are resistant to electric shocks.
                  | (rElec) [Xom's grace]
 40433 | D:1      | Gained mutation: You have hoof-like feet. [Xom's grace]
 40433 | D:1      | Gained mutation: You are somewhat resistant to further
                  | mutation. [Xom's grace]
 41098 | D:1      | XOM: divination: detect creatures
 41133 | D:1      | XOM: give mutations
 41133 | D:1      | Lost mutation: You have a pair of small horns on your head.
                  | [Xom's mischief]
 41725 | D:1      | XOM: 2-stop teleportation journey
 41873 | D:1      | XOM: god gift: leather armour {god gift}
 42052 | D:1      | XOM: give mutations
 42052 | D:1      | Gained mutation: You have a pair of small horns on your
                  | head. [Xom's grace]
 42052 | D:1      | Gained mutation: You are somewhat resistant to both further
                  | mutation and mutation removal. [Xom's grace]
 42052 | D:1      | Gained mutation: You are resistant to hostile enchantments.
                  | (MR+) [Xom's grace]
 42052 | D:1      | Gained mutation: You are mostly covered in molten scales.
                  | (AC +3) [Xom's grace]
 42081 | D:1      | XOM: noise
 42141 | D:1      | XOM: cloud trail
 42151 | D:1      | XOM: silly message
 42513 | D:1      | XOM: god gift: book of Battle
 42625 | D:1      | XOM: cloud trail
 42756 | D:1      | XOM: scenery: create altars
 42809 | D:1      | XOM: give mutation
 42809 | D:1      | Gained mutation: You possess an exceptional clarity of
                  | mind. [Xom's grace]
 43860 | D:1      | XOM: give mutations
 43860 | D:1      | Gained mutation: You are covered in fur. (AC +1) [Xom's
                  | grace]
 43860 | D:1      | Gained mutation: Your mind is acute. (Int +2) [Xom's grace]
 43860 | D:1      | Gained mutation: You are very agile. (Dex +4) [Xom's grace]
 44085 | D:1      | XOM: give mutations
 44085 | D:1      | Gained mutation: You passively map a small area around you.
                  | [Xom's grace]
 44085 | D:1      | Gained mutation: You have hooves in place of feet. [Xom's
                  | grace]
 44085 | D:1      | Gained mutation: You passively map the area around you.
                  | [Xom's grace]
 44105 | D:1      | XOM: cloud trail
 44110 | D:1      | XOM: 5-stop teleportation journey
 44484 | D:1      | XOM: scenery: create altars
 44586 | D:1      | XOM: god gift: pair of ancient gloves {god gift}
 44593 | D:1      | XOM: cloud trail
 44596 | D:1      | Got a pair of ancient gloves {god gift}
 44602 | D:1      | Identified the +2 pair of gloves of Mamize {Harm rPois rC+
                  | Int+2} (Xom gifted it to you on level 1 of the Dungeon)
 44793 | D:1      | XOM: scenery: create altars
 44961 | D:1      | XOM is BORED!
 45246 | D:1      | XOM: cloud trail
 45768 | D:1      | XOM: divination: magic mapping
 46422 | D:1      | XOM: give mutations
 46422 | D:1      | Gained mutation: Your muscles are strong. (Str +2) [Xom's
                  | grace]
 46422 | D:1      | Lost mutation: You are frail. (-10% HP) [Xom's grace]
 46422 | D:1      | Gained mutation: You are robust. (+10% HP) [Xom's grace]
 46422 | D:1      | Gained mutation: Your muscles are very strong. (Str +4)
                  | [Xom's grace]
 46619 | D:1      | XOM: 4-stop teleportation journey
 46953 | D:1      | XOM: give mutations
 46953 | D:1      | Gained mutation: Your system is resistant to poisons.
                  | (rPois) [Xom's grace]
 46953 | D:1      | Gained mutation: You have sharp fingernails. [Xom's grace]
 46953 | D:1      | Gained mutation: Your mind is very acute. (Int +4) [Xom's
                  | grace]
 46982 | D:1      | XOM: divination: detect items
 47383 | D:1      | XOM: stat loss: -1 Int (20/24)
 47392 | D:1      | XOM: divination: detect items
 48189 | D:1      | XOM is BORED!
 48189 | D:1      | XOM: summons 3 hostile demons
 48530 | D:1      | XOM: give mutations
 48530 | D:1      | Gained mutation: You have an increased reservoir of magic.
                  | (+10% MP) [Xom's grace]
 48530 | D:1      | Gained mutation: Your flesh is cold resistant. (rC+) [Xom's
                  | grace]
 48530 | D:1      | Gained mutation: Your flesh is very cold resistant. (rC++)
                  | [Xom's grace]
 48619 | D:1      | XOM: 3-stop teleportation journey
 48941 | D:1      | XOM: god gift: glowing naga barding {god gift}
 49743 | D:1      | XOM: give mutations
 49743 | D:1      | Lost mutation: Your system is resistant to poisons. (rPois)
                  | [Xom's mischief]
 49743 | D:1      | Lost mutation: Armour fits poorly on your strangely shaped
                  | body. [Xom's mischief]
 50459 | D:1      | XOM: noise
 50681 | D:1      | XOM: cloud trail
 50713 | D:1      | XOM: god gift: 1030 gold pieces
 50762 | D:1      | XOM: give mutation
 50762 | D:1      | Lost mutation: You are somewhat resistant to both further
                  | mutation and mutation removal. [Xom's grace]
 50762 | D:1      | Lost mutation: You are somewhat resistant to further
                  | mutation. [Xom's grace]
 50762 | D:1      | Gained mutation: You evolve. [Xom's grace]
 50802 | D:2      | Found an ornate altar of the Wu Jian Council.
 51002 | D:2      | XOM: give mutations
 51002 | D:2      | Gained mutation: Your flesh is heat resistant. (rF+) [Xom's
                  | grace]
 51075 | D:2      | Lost mutation: You evolve. [end of evolution]
 51111 | D:2      | XOM: give mutations
 51111 | D:2      | Gained mutation: Your spells are a little harder to cast,
                  | but a little more powerful. [Xom's grace]
 51111 | D:2      | Gained mutation: Your spells are harder to cast, but more
                  | powerful. [Xom's grace]
 51123 | D:3      | Noticed Ijyb
 51140 | D:3      | Killed Ijyb
 51145 | D:3      | XOM: butterfly on damage
 51259 | D:3      | XOM: summons friendly iron imp
 51350 | D:2      | XOM: silly message
 51360 | D:3      | Reached XP level 5. HP: 45/45 MP: 5/5
 51367 | D:3      | XOM: butterfly on damage
 51555 | D:3      | Found a shadowy altar of Dithmenos.
 51988 | D:4      | XOM: 2-stop teleportation journey
 52069 | D:4      | Reached XP level 6. HP: 51/51 MP: 6/6
 52143 | D:4      | Reached skill level 5 in Long Blades
 52149 | D:4      | Reached skill level 5 in Dodging
 52185 | D:4      | Found a stormy altar of Qazlal.
 52214 | D:4      | Reached XP level 7. HP: 55/58 MP: 7/7
 52303 | D:4      | XOM: noise
 52436 | D:4      | XOM: noise
 52684 | D:4      | XOM: summons 4 hostile demons
 53071 | D:4      | XOM: give mutation
 53071 | D:4      | Lost mutation: You have a pair of small horns on your head.
                  | [Xom's mischief]
 53414 | D:4      | XOM: divination: magic mapping
 53832 | D:4      | XOM: scenery: 1 doors open
 53932 | D:4      | XOM: silly message
 54122 | D:4      | XOM: noise
 54519 | D:4      | XOM: give mutations
 54519 | D:4      | Lost mutation: You possess an exceptional clarity of mind.
                  | [Xom's mischief]
 54519 | D:4      | Lost mutation: Your spells are harder to cast, but more
                  | powerful. [Xom's mischief]
 54521 | D:4      | XOM: give mutations
 54521 | D:4      | Lost mutation: Your muscles are very strong. (Str +4)
                  | [Xom's mischief]
 54521 | D:4      | Lost mutation: Your flesh is very cold resistant. (rC++)
                  | [Xom's mischief]
 54722 | D:4      | XOM: god gift: 29 gold pieces
 54997 | D:4      | XOM: give mutations
 54997 | D:4      | Lost mutation: You can translocate small distances at will.
                  | [Xom's mischief]
 54997 | D:4      | Lost mutation: You have hooves in place of feet. [Xom's
                  | mischief]
 54997 | D:4      | Lost mutation: You have hoof-like feet. [Xom's mischief]
 54997 | D:4      | Lost mutation: You are resistant to hostile enchantments.
                  | (MR+) [Xom's mischief]
 55282 | D:4      | XOM: give mutation
 55282 | D:4      | Lost mutation: Your mind is very acute. (Int +4) [Xom's
                  | mischief]
 55909 | D:4      | XOM: give mutations
 55909 | D:4      | Lost mutation: Your mind is acute. (Int +2) [Xom's
                  | mischief]
 55909 | D:4      | Lost mutation: You have sharp fingernails. [Xom's mischief]
 55909 | D:4      | Lost mutation: Your flesh is heat resistant. (rF+) [Xom's
                  | mischief]
 55909 | D:4      | Lost mutation: You are partially covered in thin metallic
                  | scales. (AC +2) [Xom's mischief]
 56452 | D:4      | XOM: cloud trail
 56519 | D:4      | XOM: divination: detect items
 57283 | D:4      | XOM: divination: detect items
 57349 | D:4      | XOM: divination: detect creatures
 57608 | D:4      | XOM: summons 3 hostile shadow creatures
 57613 | D:4      | XOM: noise
 57873 | D:4      | XOM: give mutations
 57873 | D:4      | Lost mutation: You passively map the area around you.
                  | [Xom's mischief]
 57873 | D:4      | Lost mutation: You are robust. (+10% HP) [Xom's mischief]
 57893 | D:4      | XOM: summons 3 hostile shadow creatures
 58067 | D:4      | XOM: give mutations
 58067 | D:4      | Lost mutation: You are very agile. (Dex +4) [Xom's
                  | mischief]
 58067 | D:4      | Lost mutation: You have large cloven feet. [Xom's mischief]
 58823 | D:4      | XOM: stat loss: -1 Dex (13/15)
 59249 | D:4      | XOM: cloud trail
 59672 | D:4      | XOM: give mutations
 59672 | D:4      | Gained mutation: Your body sometimes deteriorates upon
                  | taking damage. [Xom's mischief]
 59672 | D:4      | Lost mutation: You passively map a small area around you.
                  | [Xom's mischief]
 59672 | D:4      | Lost mutation: Your muscles are strong. (Str +2) [Xom's
                  | mischief]
 59672 | D:4      | Lost mutation: Your flesh is cold resistant. (rC+) [Xom's
                  | mischief]
 59769 | D:4      | XOM: cloud trail
 60293 | D:4      | XOM: scenery: 4 doors close
 60369 | D:4      | XOM: scenery: 4 doors open
 60515 | D:4      | XOM: give mutations
 60515 | D:4      | Gained mutation: You are weak. (Str -2) [Xom's mischief]
 60748 | D:4      | XOM: give mutations
 60748 | D:4      | Lost mutation: You have an increased reservoir of magic.
                  | (+10% MP) [Xom's mischief]
 60748 | D:4      | Gained mutation: You are very weak. (Str -4) [Xom's
                  | mischief]
 60748 | D:4      | Lost mutation: You are very weak. (Str -4) [Xom's mischief]
 60821 | D:4      | XOM: summons 4 hostile demons
 60823 | D:5      | Entered Level 5 of the Dungeon
 60879 | D:5      | XOM: 2-stop teleportation journey
 60888 | D:5      | Reached skill level 5 in Stealth
 60948 | D:5      | Found an opulent altar of Gozag.
 60953 | D:5      | XOM: cleaving
 61044 | D:5      | XOM: give mutation
 62842 | D:4      | XOM: scenery: 1 doors open, 2 doors close
 62918 | D:4      | XOM: god gift: 63 gold pieces
 63024 | D:4      | XOM: scenery: 2 doors open, 1 doors close
 63034 | D:4      | XOM: god gift: 33 gold pieces
 63142 | D:4      | XOM: cloud trail
 63313 | D:4      | XOM: noise
 64131 | D:4      | XOM: give mutations
 64131 | D:4      | Gained mutation: You have sharp toenails. [Xom's grace]
 64131 | D:4      | Gained mutation: You have sharp fingernails. [Xom's grace]
 64131 | D:4      | Gained mutation: You can translocate small distances at
                  | will. [Xom's grace]
 64131 | D:4      | Gained mutation: Your spells are harder to cast, but more
                  | powerful. [Xom's grace]
 64133 | D:4      | XOM: god gift: metallic emerald potion {god gift}
 64248 | D:4      | XOM: give mutations
 64248 | D:4      | Gained mutation: You are partially covered in yellow
                  | scales. (AC +2) [Xom's grace]
 64248 | D:4      | Gained mutation: You have a pair of small horns on your
                  | head. [Xom's grace]
 64248 | D:4      | Gained mutation: Your mind is acute. (Int +2) [Xom's grace]
 64248 | D:4      | Gained mutation: Your mind is very acute. (Int +4) [Xom's
                  | grace]
 64598 | D:4      | XOM: silly message
 64637 | D:4      | XOM: stat loss: -1 Dex (13/15)
 64842 | D:4      | XOM: 2-stop teleportation journey
 64888 | D:4      | XOM: give mutation
 64888 | D:4      | Lost mutation: Your body sometimes deteriorates upon taking
                  | damage. [Xom's mischief]
 64981 | D:4      | XOM is BORED!
 65145 | D:4      | XOM: scenery: 1 doors open, 2 doors close
 65227 | D:4      | XOM: scenery: 2 doors open, 1 doors close
 65491 | D:4      | XOM: give mutations
 65491 | D:4      | Lost mutation: You are agile. (Dex +2) [Xom's mischief]
 65491 | D:4      | Lost mutation: You are weak. (Str -2) [Xom's mischief]
 65491 | D:4      | Lost mutation: Your mind is very acute. (Int +4) [Xom's
                  | mischief]
 66039 | D:4      | XOM: god gift: wand of paralysis (9)
 66265 | D:4      | XOM: give mutations
 66265 | D:4      | Lost mutation: You have sharp toenails. [Xom's mischief]
 66265 | D:4      | Gained mutation: You evolve. [Xom's mischief]
 66265 | D:4      | Lost mutation: You are partially covered in yellow scales.
                  | (AC +2) [Xom's mischief]
 66488 | D:4      | XOM: noise
 66916 | D:4      | XOM: god gift: shortbow {god gift}
 67153 | D:4      | XOM: scenery: 1 doors open, 2 doors close
 67525 | D:4      | XOM: god gift: wand of iceblast (9)
 67746 | D:4      | XOM is BORED!
 67746 | D:4      | XOM: draining
 68037 | D:4      | XOM: scenery: 2 doors open, 1 doors close
 68241 | D:4      | XOM: scenery: 1 doors open, 2 doors close
 68350 | D:4      | Gained mutation: Your spells are much harder to cast, but
                  | much more powerful. [evolution]
 68442 | D:4      | XOM: scenery: 2 doors open, 1 doors close
 69020 | D:4      | XOM is BORED!
 69020 | D:4      | XOM: summons 4 hostile shadow creatures
 69391 | D:4      | XOM: summons 4 hostile demons
 69500 | D:5      | XOM: give mutations
 69500 | D:5      | Lost mutation: You have a pair of small horns on your head.
                  | [Xom's mischief]
 69500 | D:5      | Lost mutation: Your spells are much harder to cast, but
                  | much more powerful. [Xom's mischief]
 69500 | D:5      | Lost mutation: Your mind is acute. (Int +2) [Xom's
                  | mischief]
 69500 | D:5      | Gained mutation: You are frail. (-10% HP) [Xom's mischief]
 69752 | D:4      | XOM: 1-stop teleportation journey
 69917 | D:4      | XOM: noise
 69979 | D:4      | XOM: stat loss: -1 Str (10/11)
 70162 | D:4      | XOM: scenery: 1 doors open, 2 doors close
 70466 | D:4      | XOM: god gift: emerald ring {god gift}
 70907 | D:4      | XOM: give mutations
 70907 | D:4      | Gained mutation: You possess an exceptional clarity of
                  | mind. [Xom's grace]
 70907 | D:4      | Gained mutation: You expend magic power (3 MP) to
                  | strengthen your wands. [Xom's grace]
 70907 | D:4      | Gained mutation: Your system is resistant to poisons.
                  | (rPois) [Xom's grace]
 71200 | D:4      | XOM: scenery: 2 doors open, 1 doors close
 71419 | D:4      | XOM: god gift: wand of acid (10)
 72185 | D:4      | XOM: divination: detect items
 72423 | D:4      | XOM: god gift: potion of curing
 72809 | D:4      | XOM: scenery: 1 doors open, 2 doors close
 73110 | D:4      | XOM: god gift: fustibalus {god gift}
 73368 | D:4      | XOM: 3-stop teleportation journey
 73446 | D:4      | XOM: draining
 73578 | D:4      | XOM is BORED!
 73578 | D:4      | XOM: summons 2 hostile shadow creatures
 73763 | D:4      | XOM: noise
 73986 | D:4      | XOM: summons 1 hostile shadow creature
 74117 | D:4      | XOM: give mutations
 74117 | D:4      | Lost mutation: You can translocate small distances at will.
                  | [Xom's mischief]
 74117 | D:4      | Lost mutation: You are frail. (-10% HP) [Xom's mischief]
 74117 | D:4      | Lost mutation: You are resistant to electric shocks.
                  | (rElec) [Xom's mischief]
 74203 | D:4      | XOM: summons 4 hostile shadow creatures
 74248 | D:5      | XOM: 3-stop teleportation journey
 74260 | D:5      | Reached XP level 8. HP: 51/60 MP: 8/8
 74404 | D:5      | Noticed Prince Ribbit
 74421 | D:5      | Killed Prince Ribbit
 74478 | D:5      | XOM: give mutations
 74478 | D:5      | Lost mutation: You have sharp fingernails. [Xom's mischief]
 74478 | D:5      | Gained mutation: Your magical capacity is low. (-10% MP)
                  | [Xom's mischief]
 74478 | D:5      | Lost mutation: You expend magic power (3 MP) to strengthen
                  | your wands. [Xom's mischief]
 74478 | D:5      | Lost mutation: Your magical capacity is low. (-10% MP)
                  | [Xom's mischief]
 74546 | D:5      | XOM: give mutations
 74546 | D:5      | Gained mutation: You are clumsy. (Dex -2) [Xom's mischief]
 74546 | D:5      | Lost mutation: You are clumsy. (Dex -2) [Xom's mischief]
 74558 | D:5      | XOM: fake destruction
 74622 | D:5      | Found Juybba's Food Shoppe.
 74661 | D:5      | XOM: enchant monster (good)
 74949 | D:5      | XOM: god gift: 7 rations
 75153 | D:5      | XOM: give mutations
 75153 | D:5      | Gained mutation: You have sharp toenails. [Xom's grace]
 75153 | D:5      | Gained mutation: Your spells are much harder to cast, but
                  | much more powerful. [Xom's grace]
 75153 | D:5      | Gained mutation: You have razor-sharp toenails. [Xom's
                  | grace]
 75190 | D:5      | XOM: silly message
 75523 | D:5      | XOM: 6-stop teleportation journey
 76190 | D:5      | Gained mutation: You occasionally shout uncontrollably at
                  | your foes. [evolution]
 76261 | D:5      | XOM: scenery: 1 doors open
 76305 | D:5      | XOM: give mutations
 76305 | D:5      | Gained mutation: You are robust. (+10% HP) [Xom's grace]
 76305 | D:5      | Gained mutation: You are partially covered in thin metallic
                  | scales. (AC +2) [Xom's grace]
 76305 | D:5      | Gained mutation: You are resistant to hostile enchantments.
                  | (MR+) [Xom's grace]
 76305 | D:5      | Gained mutation: Your mind is acute. (Int +2) [Xom's grace]
 76471 | D:5      | XOM: god gift: gnarled runed staff {god gift}
 76718 | D:5      | XOM: scenery: 1 doors close
 76880 | D:5      | XOM: god gift: ring mail {god gift}
 77098 | D:5      | XOM is BORED!
 77115 | D:5      | XOM: cloud trail
 77532 | D:5      | XOM: give mutations
 77532 | D:5      | Gained mutation: You have a pair of small antennae on your
                  | head. [Xom's grace]
 77532 | D:5      | Gained mutation: You have a pair of antennae on your head.
                  | [Xom's grace]
 77613 | D:5      | XOM: give mutation
 77613 | D:5      | Gained mutation: Your flesh is heat resistant. (rF+) [Xom's
                  | grace]
 77961 | D:5      | XOM: scenery: create altars
 78656 | D:5      | XOM: give mutation
 78656 | D:5      | Gained mutation: You are resistant to electric shocks.
                  | (rElec) [Xom's grace]
 78822 | D:5      | XOM: give mutations
 78822 | D:5      | Gained mutation: You have claws for feet. [Xom's grace]
 78822 | D:5      | Gained mutation: Your muscles are strong. (Str +2) [Xom's
                  | grace]
 78902 | D:5      | XOM: divination: detect creatures
 78953 | D:5      | XOM: stat loss: -1 Int (23/24)
 79191 | D:5      | XOM: stat loss: -1 Int (22/24)
 79212 | D:5      | XOM: summons 3 hostile demons
 79392 | D:6      | XOM: blink monster(s)
 79395 | D:6      | XOM: fog
 79512 | D:6      | Found a sparkling altar of Nemelex Xobeh.
 79512 | D:6      | XOM: 6-stop teleportation journey
 79776 | D:6      | Found a blossoming altar of Fedhas.
 79776 | D:6      | XOM: repel stairs
 79782 | D:6      | Reached skill level 5 in Fighting
 79788 | D:6      | XOM: torment (27/68 hp)
 79996 | D:6      | XOM: noise
 79999 | D:6      | Reached XP level 9. HP: 74/74 MP: 9/9
 80080 | D:6      | XOM: give mutation
 80080 | D:6      | Gained mutation: You are agile. (Dex +2) [Xom's grace]
 80221 | D:7      | Found a bloodstained altar of Trog.
 80266 | D:7      | Gained mutation: Your flesh is cold resistant. (rC+)
                  | [evolution]
 80266 | D:7      | Lost mutation: You evolve. [end of evolution]
 80444 | D:7      | XOM: confuse monster(s)
 80464 | D:7      | XOM: summons friendly iron imp
 80492 | D:7      | Found a staircase to the Ecumenical Temple.
 80505 | D:7      | XOM: give mutations
 80505 | D:7      | Gained mutation: You can translocate small distances at
                  | will. [Xom's grace]
 80505 | D:7      | Gained mutation: You expend magic power (3 MP) to
                  | strengthen your wands. [Xom's grace]
 80505 | D:7      | Gained mutation: You have a pair of large antennae on your
                  | head. (SInv) [Xom's grace]
 80514 | Temple   | Entered the Ecumenical Temple
 80633 | D:7      | XOM: 3-stop teleportation journey
 80692 | D:7      | Noticed an angel
 80693 | D:7      | Found a glowing silver altar of Zin.
 80787 | D:7      | XOM: god gift: 53 gold pieces
 80809 | D:7      | Found a basalt altar of Yredelemnul.
 80814 | D:7      | Found a glowing golden altar of the Shining One.
 80845 | D:7      | XOM: scenery: create altars
 80928 | D:7      | Noticed an angel
 81074 | D:8      | XOM: 1-stop teleportation journey
 81090 | D:8      | XOM: confuse monster(s)
 81207 | D:8      | Found a shimmering blue altar of Sif Muna.
 81284 | D:8      | Found a radiant altar of Vehumet.
 81284 | D:8      | Found a burning altar of Makhleb.
 81398 | D:8      | Found a shimmering blue altar of Sif Muna.
 81611 | D:8      | XOM: smoke on damage
 81614 | D:8      | XOM: potion effect (stabbing)
 81939 | D:9      | Noticed an unseen horror
 81939 | D:9      | XOM: divination: detect creatures
 81944 | D:9      | XOM: confuse monster(s)
 81948 | D:9      | XOM: enchant monster (bad)
 81960 | D:9      | Killed an unseen horror
 81960 | D:9      | Reached XP level 10. HP: 57/83 MP: 10/10
 82113 | D:9      | Found a runed translucent gate.
 82114 | D:9      | Found a runed translucent gate.
 82115 | D:9      | Found a runed translucent gate.
 82116 | D:9      | Found an opulent altar of Gozag.
 82117 | D:9      | Noticed H0rd4k's ghost (novice OpTm)
 82117 | D:9      | Noticed a red ugly thing
 82184 | D:9      | Noticed a two-headed ogre
 82194 | D:9      | Killed a two-headed ogre
 82194 | D:9      | Reached skill level 10 in Dodging
 82323 | D:9      | Noticed Erolcha
 82330 | D:9      | Killed Erolcha
 82330 | D:9      | Reached skill level 10 in Stealth
 82369 | D:9      | Found Ryotet's Food Emporium.
 82412 | D:9      | Found a hide-covered altar of Uskayaw.
 82568 | D:9      | XOM: silly message
 82723 | D:9      | Reached skill level 10 in Long Blades
 82888 | D:10     | Entered Level 10 of the Dungeon
 82920 | D:10     | XOM: polymorph yak -> tarantella
 82925 | D:10     | Noticed a fire crab
 82925 | D:10     | a tarantella changed into a fire crab
 82925 | D:10     | XOM: polymorph tarantella -> fire crab
 82930 | D:10     | XOM: noise
 82937 | D:10     | a fire crab changed into a redback
 82937 | D:10     | XOM: polymorph fire crab -> redback
 83117 | D:10     | XOM: swap monsters
 83152 | D:10     | Reached XP level 11. HP: 80/91 MP: 11/11
 83255 | D:10     | XOM: 1-stop teleportation journey
 83975 | D:10     | Reached skill level 1 in Maces & Flails
 83979 | D:10     | XOM: cleaving
 84109 | D:11     | Noticed Erica
 84109 | D:11     | Noticed Josephine
 84113 | D:11     | XOM: noise
 84124 | D:10     | Killed Josephine
 84146 | D:11     | XOM: cast spell 'Monstrous Menagerie'
 84153 | D:11     | Killed Erica
 84264 | D:10     | XOM: enchant monster (good)
 84562 | D:11     | Found a staircase to the Lair.
 84562 | D:11     | Found a transporter.
 84562 | D:11     | XOM: 3-stop teleportation journey
 84563 | D:11     | Noticed a two-headed ogre
 84563 | D:11     | Identified the +6 great mace "Syengilu" {vorpal, rF++ Str-3
                  | Dex+5}
 84563 | D:11     | Identified the +6 dire flail of Disaster {freeze, *Contam
                  | rElec rPois Dex+9}
 84563 | D:11     | Noticed a two-headed ogre
 84563 | D:11     | Noticed Xye's ghost (journeyman DEIE)
 84569 | D:11     | XOM: polymorph orc warrior -> hound
 85036 | D:11     | Found a transporter.
 85056 | D:11     | Noticed a death knight
 85062 | D:11     | Killed a death knight
 85116 | D:11     | XOM: god gift: glaive {god gift}
 85222 | D:12     | Noticed a purple ugly thing
 85232 | D:12     | Killed a purple ugly thing
 85292 | D:12     | Noticed a cyan ugly thing
 85297 | D:12     | XOM: 8-stop teleportation journey
 85328 | D:12     | XOM: polymorph orc -> river rat
 85345 | D:12     | XOM: give mutations
 85345 | D:12     | Lost mutation: You have claws for feet. [Xom's mischief]
 85345 | D:12     | Lost mutation: Your system is resistant to poisons. (rPois)
                  | [Xom's mischief]
 85345 | D:12     | Lost mutation: You have a pair of large antennae on your
                  | head. (SInv) [Xom's mischief]
 85388 | D:12     | XOM: 2-stop teleportation journey
 85421 | D:12     | Killed a cyan ugly thing
 85564 | D:12     | Found a staircase to the Orcish Mines.
 85611 | D:12     | XOM: give mutations
 85611 | D:12     | Lost mutation: You occasionally shout uncontrollably at
                  | your foes. [Xom's mischief]
 85611 | D:12     | Lost mutation: Your spells are much harder to cast, but
                  | much more powerful. [Xom's mischief]
 85611 | D:12     | Lost mutation: You expend magic power (3 MP) to strengthen
                  | your wands. [Xom's mischief]
 85611 | D:12     | Lost mutation: Your flesh is cold resistant. (rC+) [Xom's
                  | mischief]
 85658 | D:12     | Noticed a two-headed ogre
 85661 | D:12     | Killed a two-headed ogre
 85661 | D:12     | Reached XP level 12. HP: 101/101 MP: 12/12
 85945 | D:12     | Learned a level 5 spell: Borgnjor's Vile Clutch
 85997 | D:11     | XOM is BORED!
 85997 | D:11     | XOM: torment (43/101 hp)
 86031 | Lair:1   | Entered Level 1 of the Lair of Beasts
 86224 | Lair:1   | Reached skill level 1 in Necromancy
 86253 | Lair:1   | Found a transporter.
 86255 | Lair:1   | Found a transporter.
 86256 | Lair:1   | Noticed Bets's ghost (novice DsGl)
 86384 | Lair:1   | Reached skill level 1 in Earth Magic
 86393 | Lair:1   | XOM: give mutation
 86393 | Lair:1   | Lost mutation: Your muscles are strong. (Str +2) [Xom's
                  | mischief]
 86657 | Lair:1   | XOM: summons 3 hostile shadow creatures
 86666 | Lair:1   | Reached skill level 5 in Maces & Flails
 86933 | Lair:1   | XOM: summons 7 hostile demons
 87025 | Lair:1   | XOM: summons 2 hostile shadow creatures
 87187 | Lair:1   | XOM: give mutations
 87187 | Lair:1   | Lost mutation: You possess an exceptional clarity of mind.
                  | [Xom's mischief]
 87187 | Lair:1   | Lost mutation: You have a pair of antennae on your head.
                  | [Xom's mischief]
 87206 | Lair:2   | Noticed a seven-headed hydra
 87213 | Lair:2   | XOM: stat loss: -1 Str (10/11)
 87216 | Lair:2   | Killed a three-headed hydra
 88035 | Lair:2   | XOM: smoke on damage
 88038 | Lair:2   | Reached skill level 5 in Necromancy
 88050 | Lair:2   | XOM: summons 2 hostile demons
 88251 | Lair:3   | Noticed Rupert
 88403 | Lair:3   | XOM: cleaving
 88417 | Lair:3   | XOM: butterfly on damage
 88453 | Lair:3   | XOM: destruction
 88457 | Lair:3   | XOM: confuse monster(s)
 88621 | Lair:3   | XOM: confuse monster(s)
 88831 | Lair:3   | Found a staircase to the Snake Pit.
 88996 | Lair:3   | XOM: potion effect (might)
 89002 | Lair:3   | XOM: cast spell 'Summon Ice Beast'
 89704 | Lair:4   | Noticed a death yak
 89707 | Lair:4   | Noticed a death yak
 89707 | Lair:4   | Noticed a death yak
 89709 | Lair:4   | Noticed a death yak
 89713 | Lair:4   | Noticed a death yak
 89736 | Lair:3   | XOM: divination: detect items
 89738 | Lair:3   | Killed a death yak
 89738 | Lair:3   | Reached XP level 13. HP: 53/110 MP: 13/13
 89952 | Lair:4   | Found a staircase to the Swamp.
 90024 | Lair:4   | XOM: summons friendly shadow imp
 90091 | Lair:4   | XOM: 1-stop teleportation journey
 90103 | Lair:4   | XOM: summons friendly iron imp
 90190 | Lair:4   | XOM: god gift: glowing hat {god gift}
 90203 | Lair:4   | XOM: silly message
 90326 | Lair:4   | XOM: give mutations
 90326 | Lair:4   | Lost mutation: You can translocate small distances at will.
                  | [Xom's mischief]
 90326 | Lair:4   | Lost mutation: You are robust. (+10% HP) [Xom's mischief]
 90326 | Lair:4   | Lost mutation: Your mind is acute. (Int +2) [Xom's
                  | mischief]
 90373 | Lair:4   | XOM: potion effect (might)
 90466 | Lair:4   | XOM: god gift: 3 scrolls of blinking
 90615 | Lair:4   | XOM: give mutation
 90615 | Lair:4   | Lost mutation: Your spells are harder to cast, but more
                  | powerful. [Xom's mischief]
 90835 | Lair:4   | XOM: give mutations
 90835 | Lair:4   | Gained mutation: You are very agile. (Dex +4) [Xom's grace]
 90835 | Lair:4   | Gained mutation: You evolve. [Xom's grace]
 90887 | Lair:5   | Reached skill level 5 in Earth Magic
 91029 | Lair:5   | Found a shimmering blue altar of Sif Muna.
 91134 | Lair:5   | XOM: potion effect (haste)
 91225 | Lair:5   | XOM: 7-stop teleportation journey
 91278 | Lair:5   | XOM: god gift: bloodstained plate armour {god gift}
 91281 | Lair:5   | Got a bloodstained plate armour {god gift}
 91282 | Lair:5   | Identified the cursed +1 plate armour of Mettafyblo {Int+4}
                  | (Xom gifted it to you on level 5 of the Lair of Beasts)
 91382 | Lair:5   | XOM: god gift: scroll labeled LEGOPROSABB {god gift}
 91393 | Lair:5   | XOM: summons friendly crimson imp
 91747 | Lair:5   | XOM: cloud trail
 92017 | Lair:6   | Entered Level 6 of the Lair of Beasts
 92019 | Lair:6   | Found a staircase to the Slime Pits.
 92019 | Lair:6   | Found a viscous altar of Jiyva.
 92033 | Lair:6   | XOM: divination: detect items
 92052 | Lair:6   | XOM: summons 5 friendly demons
 92111 | Lair:6   | XOM: noise
 92112 | Lair:6   | XOM: divination: magic mapping
 92123 | Lair:6   | XOM: divination: detect items
 92128 | Lair:6   | XOM: divination: detect creatures
 92135 | Lair:6   | XOM: potion effect (might)
 92220 | Lair:6   | XOM: summons 13 friendly demons
 92225 | Lair:6   | XOM: cast spell 'Leda's Liquefaction'
 92231 | Lair:6   | XOM: enchant monster (good)
 92236 | Lair:6   | XOM: enchant monster (good)
 92242 | Lair:6   | XOM: silly message
 92243 | Lair:6   | XOM: noise
 92259 | Lair:6   | XOM: confuse monster(s)
 92263 | Lair:6   | Reached XP level 14. HP: 62/109 MP: 14/14
 92289 | Lair:6   | XOM: confusion (+ monsters)
 92656 | Lair:6   | Reached skill level 10 in Necromancy
 92854 | Lair:5   | XOM: scenery: create altars
 92872 | Lair:6   | XOM: enchant monster (good)
 92881 | Lair:6   | Gained mutation: Your mind is acute. (Int +2) [evolution]
 92981 | Lair:6   | XOM: scenery: 3 doors open
 93052 | Lair:6   | XOM: scenery: create altars
 93060 | Lair:6   | XOM: cast spell 'Summon Mana Viper'
 93069 | Lair:6   | XOM: scenery: create altars
 93079 | Lair:6   | XOM: enchant monster (good)
 93084 | Lair:6   | Reached skill level 10 in Fighting
 93088 | Lair:6   | XOM: summons friendly crimson imp
 93106 | Lair:6   | XOM: destruction
 93108 | Lair:6   | XOM: polymorph death yak -> queen ant
 93158 | Lair:6   | XOM: god gift: 42 gold pieces
 93286 | Lair:5   | XOM: give mutations
 93286 | Lair:5   | Gained mutation: You passively map a small area around you.
                  | [Xom's grace]
 93286 | Lair:5   | Gained mutation: You are robust. (+10% HP) [Xom's grace]
 93286 | Lair:5   | Gained mutation: You expend magic power (3 MP) to
                  | strengthen your wands. [Xom's grace]
 93286 | Lair:5   | Gained mutation: Your mind is very acute. (Int +4) [Xom's
                  | grace]
 93442 | Lair:6   | XOM: fake destruction
 93457 | Lair:6   | XOM: scenery: create altars
 93464 | Lair:6   | XOM: confuse monster(s)
 93481 | Lair:6   | XOM: divination: detect items
 93686 | Lair:6   | XOM: divination: detect creatures
 93728 | Lair:6   | Got an ivory rapier
 93729 | Lair:6   | Identified the +2 rapier "Caosaxuc" {flame, rElec} (You
                  | found it on level 6 of the Lair of Beasts)
 93909 | Lair:6   | XOM: 8-stop teleportation journey
 94065 | Lair:6   | Reached skill level 10 in Maces & Flails
 94590 | Lair:6   | Fell from the grace of Xom
 94590 | Lair:6   | Became a worshipper of Jiyva Juyjue the Shapeless
 94593 | Slime:1  | Entered Level 1 of the Pits of Slime
 94598 | Slime:2  | Noticed an acid blob
 94614 | Slime:2  | Noticed an acid blob
 94615 | Slime:2  | Noticed an azure jelly
 94615 | Slime:2  | Noticed an acid blob
 94617 | Slime:2  | Noticed an acid blob
 94645 | Slime:2  | Noticed an acid blob
 94661 | Slime:2  | Noticed an acid blob
 94689 | Slime:2  | You fall into a shaft and drop 1 floor!
 94696 | Slime:5  | Entered Level 5 of the Pits of Slime
 94710 | Slime:5  | Noticed an acid blob
 94712 | Slime:5  | Noticed Dissolution
 94714 | Slime:5  | Noticed an azure jelly
 94755 | Slime:5  | Noticed an acid blob
 94766 | Slime:5  | Noticed an acid blob
 94781 | Slime:5  | Noticed an acid blob
 94809 | Slime:5  | Noticed an azure jelly
 94813 | Slime:5  | Noticed an acid blob
 94816 | Slime:5  | Noticed an azure jelly
 94830 | Slime:5  | Noticed an acid blob
 94861 | Slime:5  | Noticed an acid blob
 94867 | Slime:5  | Found a viscous altar of Jiyva.
 94880 | Slime:5  | Noticed an acid blob
 94911 | Slime:5  | Noticed the Royal Jelly
 94913 | Slime:5  | Noticed an acid blob
 95184 | Orc:1    | Entered Level 1 of the Orcish Mines
 95244 | Orc:1    | XOM: give mutations
 95244 | Orc:1    | Gained mutation: You can translocate small distances at
                  | will. [Xom's grace]
 95244 | Orc:1    | Gained mutation: You have claws for feet. [Xom's grace]
 95268 | Orc:2    | Entered Level 2 of the Orcish Mines
 95401 | Orc:2    | Reached * piety under Jiyva
 95412 | Orc:2    | Found Lunitrys's Food Shop.
 95413 | Orc:2    | Found Nykedy's Food Boutique.
 95444 | Orc:2    | Reached ** piety under Jiyva
 95457 | Orc:2    | Reached *** piety under Jiyva
 95472 | Orc:2    | XOM: polymorph jelly -> gnoll
 95499 | Orc:2    | XOM: give mutations
 95499 | Orc:2    | Lost mutation: You are resistant to hostile enchantments.
                  | (MR+) [Xom's mischief]
 95499 | Orc:2    | Lost mutation: Your spells are a little harder to cast, but
                  | a little more powerful. [Xom's mischief]
 95499 | Orc:2    | Lost mutation: You have claws for feet. [Xom's mischief]
 95499 | Orc:2    | Lost mutation: You are very agile. (Dex +4) [Xom's
                  | mischief]
 95603 | Orc:2    | XOM: enchant monster (bad)
 95616 | Orc:2    | Lost mutation: You have razor-sharp toenails. [Jiyva's
                  | grace]
 95708 | Orc:1    | XOM: noise
 95751 | Orc:1    | Reached **** piety under Jiyva
 95935 | Orc:1    | Lost mutation: You have sharp toenails. [evolution]
 95935 | Orc:1    | Lost mutation: You evolve. [end of evolution]
 95952 | Orc:2    | Lost mutation: Your flesh is heat resistant. (rF+) [Jiyva's
                  | grace]
 96006 | Orc:2    | Found a staircase to the Elven Halls.
 96172 | Orc:2    | Gained mutation: You evolve. [Jiyva's grace]
 96172 | Orc:2    | Reached ***** piety under Jiyva
 96424 | Orc:2    | Lost mutation: You are agile. (Dex +2) [Jiyva's grace]
 96980 | Orc:2    | XOM: swap monsters
 97192 | Orc:2    | Lost mutation: You are robust. (+10% HP) [Jiyva's grace]
 97269 | Orc:2    | Reached XP level 15. HP: 31/117 MP: 15/15
 97685 | Orc:2    | HP: 6/175 [smoke demon/ball of steam[an orc high priest]
                  | (8)]
 97690 | Orc:2    | HP: 2/175 [poisoned by an orc high priest]
 97695 | Orc:2    | Succumbed to an orc high priest's poison

Illustrated notes

Levels and vault maps discovered:
D:1:      dpeg_arrival_long_road, layout_loops_ring, minmay_cut_off
D:2:      cheibrodos_helix_gallery, layout_loops_ring, marbit_many_paths,
          first_ration, uniq_terence, uniq_jessica
D:3:      layout_rooms, old_standard_altar, uniq_ijyb
D:4:      layout_gridville, nicolae_qazlal_eye_of_the_storm
D:5:      layout_cave_pools, nicolae_gozag_seed_capital, serial_shops,
          kennysheep_mini, minivault_25, grunt_ministairs_11,
          uniq_prince_ribbit1
D:6:      layout_loops_corners, nemelex_xobeh_ov_fountains_minmay,
          fedhas_bush_and_centaur_altar
D:7:      layout_basic, grunt_temple_overflow_holy_war, zin_angel, bloody_trog,
          minmay_temple_entry_tees, nrook_uturn
D:8:      layout_gridville, grunt_temple_overflow_lords_of_destruction,
          kennysheep_mini_moat, basic_altar, hangedman_abyss_or_decor_stagger
D:9:      layout_basic, basic_altar, ebering_ghost_gozag, serial_shops, shop,
          hangedman_little_slice_of_home, uniq_erolcha
D:10:     layout_gridville, chequers_serial_rivers_small_b
D:11:     layout_basic, lair_entry_dummy, special_room [special_room_orc],
          gammafunk_ghost_smash, uniq_erica, uniq_josephine
D:12:     layout_irregular_city, david_orc_3
Temple:   cyrus_temple_forest
Lair:1:   layout_gridlike, gammafunk_ghost_hive, nicolae_quartered_pool_little,
          serial_bayou_pond_c
Lair:2:   layout_long_grid
Lair:3:   layout_small_grid, minmay_snake_entry_guardpost_small, special_room
          [special_room_bee], infiniplex_staircase_pool_2, uniq_rupert
Lair:4:   layout_hall_layers, minmay_swamp_entry_eels
Lair:5:   layout_cellular_growth, basic_altar, grunt_megastairs_2
Lair:6:   minmay_lair_end_enchanted_forest, layout_long_grid, slime_altar_1,
          guppyfry_lair_drakes, grunt_megastairs_1
Slime:1:  layout_caves
Slime:2:  layout_caves
Slime:3:  layout_caves
Slime:4:  layout_caves
Slime:5:  uniq_dissolution
Orc:1:    layout_diamond_mine
Orc:2:    pf_orc_diabolical, layout_caves

Skill      XL: |  1  2  3  4  5  6  7  8  9 10 11 12 13 14 15 |
---------------+----------------------------------------------+-----
Stealth        | 1 2 3 4 5 7 9 10 12 | 12.1
Dodging        | 3 4 5 6 7 9 10 12 | 12.4
Fighting       | 3 4 5 6 7 8 9 10 | 10.6
Long Blades    | 4 5 6 7 8 10 | 10.4
Maces & Flails | 4 6 8 10 | 10.5
Necromancy     | 6 9 11 12 | 12.1
Earth Magic    | 4 6 7 |  7.8
Armour         | |  0.7

Action                   |  1- 3 |  4- 6 |  7- 9 | 10-12 | 13-15 || total
-------------------------+-------+-------+-------+-------+-------++-------
Melee: Falchion          |    81 |   110 |   390 |       |       ||   581
       Bite              |     7 |     9 |    37 |   101 |   181 ||   335
       Headbutt          |     3 |    24 |     7 |       |       ||    34
       Kick              |       |    38 |    86 |   276 |   315 ||   715
       Long sword        |       |       |     9 |   204 |       ||   213
       Scimitar          |       |       |       |   449 |   866 ||  1315
       Demon whip        |       |       |       |    66 |    37 ||   103
Throw: Dart              |       |       |       |    13 |     8 ||    21
Invok: Request Jelly     |       |       |       |       |     1 ||     1
Evoke: Wand              |       |       |       |     2 |    15 ||    17
  Use: Scroll            |       |     8 |     5 |    13 |    13 ||    39
       Potion            |       |       |       |       |    10 ||    10
 Stab: Petrifying        |     1 |       |     2 |       |       ||     3
       Sleeping          |       |       |     8 |    25 |    52 ||    85
       Paralysed         |       |       |     7 |       |     7 ||    14
       Confused          |       |       |     5 |     2 |    11 ||    18
       Distracted        |       |       |       |     1 |     8 ||     9
       Petrified         |       |       |       |     1 |       ||     1
       Invisible         |       |       |       |       |    18 ||    18
Armor: Leather armour    |    24 |     6 |   117 |    15 |       ||   162
       Ring mail         |    13 |    35 |       |   140 |   297 ||   485
Dodge: Dodged            |    86 |    86 |   490 |   838 |  1250 ||  2750
       Rpst.: Falchion   |    18 |    23 |   125 |       |       ||   166
       Long sword        |       |       |     7 |    69 |       ||    76
       Scimitar          |       |       |       |   143 |   323 ||   466
